 Dungeon Crawl Stone Soup version 0.29.1-15-g9cfb28693d (webtiles) character file.

Game seed: 7856002575598052027

28 protoss039 the Digger (level 3, 14/26 HPs)
             Began as a Demonspawn Earth Elementalist on Mar 21, 2023.
             Got out of the dungeon alive.
             The game lasted 00:01:38 (1157 turns).

protoss039 the Digger (DsEE)                        Turns: 1157, Time: 00:01:38

Health: 14/26      AC:  5    Str:  8    XL:     3   Next: 0%
Magic:  3/6        EV: 10    Int: 18    God:
Gold:   66         SH:  0    Dex: 13    Spells: 3/6 levels left

rFire   . . .      SeeInvis .   f - +0 dagger
rCold   . . .      Faith    .   (no shield)
rNeg    . . .      Spirit   .   k - +0 ring mail
rPois   .          Reflect  .   (no helmet)
rElec   .          Harm     .   (no cloak)
rCorr   .          Rampage  .   (no gloves)
Will    .....                   (no boots)
Stlth   +.........              (no amulet)
HPRegen 0.08/turn               (no ring)
MPRegen 0.10/turn               (no ring)

@: no status effects
A: weakness stinger 1
a: no special abilities


You escaped.
You visited 1 branch of the dungeon, and saw 2 of its levels.

You collected 66 gold pieces.

Inventory:

Hand Weapons
 f - a +0 dagger (weapon)
Armour
 k - a +0 ring mail (worn)
Scrolls
 c - a scroll of teleportation {unknown}
 g - a scroll of brand weapon {unknown}
 i - a scroll of poison {unknown}
Potions
 a - 2 potions of lignification {unknown}
 b - a potion of magic
 d - a potion of cancellation {unknown}
 e - 3 potions of brilliance {unknown}
 h - a potion of might {unknown}
 j - a potion of curing {unknown}


   Skills:
 + Level 1.2 Fighting
 * Level 0.3 Armour
 - Level 1.7 Dodging
 - Level 1.7 Stealth
 + Level 2.4 Spellcasting
 - Level 0.8 Transmutations
 + Level 3.0 Earth Magic


You had 3 spell levels left.
You knew the following spells:

 Your Spells              Type           Power      Damage    Failure   Level
a - Sandblast             Erth           26%        2d8       16%         1
b - Passwall              Tmut/Erth      7%         N/A       34%         2

Your spell library contained the following spells:

 Spells                   Type           Power      Damage    Failure   Level
 Stone Arrow              Conj/Erth      14%        3d7       65%         3
 Petrify                  Tmut/Erth      9%         N/A       93%         4
 Animate Armour           Summ/Erth      14%        N/A       96%         4
 Lehudib's Crystal Spear  Conj/Erth      3%         10d3      100%        8


Dungeon Overview and Level Annotations

Branches:
Dungeon (2/15) Zot: 10824

Altars:


Innate Abilities, Weirdness & Mutations

You have a small tail.


Message History

The worm is moderately wounded.
Unknown command.
You hit the worm. You tail-slap the worm.
The worm is severely wounded.
The worm bites you!
Unknown command.
You hit the worm.
The worm is severely wounded.
The worm barely misses you.
Casting: Sandblast (safe; 17% risk of failure)
Confirm with . or Enter, or press ? or * to list all spells.
Aiming: Sandblast (safe; 17% risk of failure)
Press: ? - help, Shift-Dir - straight line, f/p - worm
Aim: a worm (severely wounded, 94% to hit)
The blast of sand hits the worm.
The worm is almost dead.
The worm bites you.
Unknown command.
Casting: Sandblast (safe; 17% risk of failure)
Confirm with . or Enter, or press ? or * to list all spells.
Aiming: Sandblast (safe; 17% risk of failure)
Press: ? - help, Shift-Dir - straight line, f/p - worm
Aim: a worm (almost dead, 94% to hit)
The blast of sand hits the worm!
You kill the worm!
You have reached level 3!
Your experience leads to an increase in your attributes!
Increase (S)trength, (I)ntelligence, or (D)exterity?
You feel clever. x2
Unknown command.
(D) Dungeon
Where to? (Enter - D:1 @ (x,y), ? - help)
What level of the Dungeon? (default 1, ? - help)
There is a stone staircase leading up here.
You climb upwards.
There is a stone staircase leading down here.
There is an open door here.
There is a staircase leading out of the dungeon here.
Are you sure you want to leave the Dungeon?
This will make you lose the game!
You have escaped!

#######.#####.#####.# #..#
........#...#.#...#.# ##..#
........#.>.'.#...#.# #..>#
(#####..#...#.#...#.####...#
###.....#####.##'##........#
###.##..............####...#
....###.##'##.#####........###
#####
#.#...#.#...#..>.......####
#.#...#.'.@.#..............
#.#...#.#...#.....#######..
###.#####.#####.....# ###
##.............[.....# ##
#..#...........##....#
.###.##.....##....##....#
......>........#####....#
.....########### ###### ..####


There were no monsters in sight!

Vanquished Creatures
  A worm (D:2)
  6 bats
  An endoplasm (D:1)
  A giant cockroach (D:1)
  4 goblins (D:2)
  A hobgoblin (D:1)
  2 kobolds (D:1)
  2 quokkas (D:1)
  A ball python (D:1)
  3 frilled lizards (D:1)
  2 rats (D:1)
24 creatures vanquished.

Notes
Turn   | Place    | Note
-------+----------+-------------------------------------------
     0 | D:1      | protoss039 the Demonspawn Earth Elementalist began the
                  | quest for the Orb.
     0 | D:1      | Reached XP level 1. HP: 13/13 MP: 3/3
   225 | D:1      | Gained mutation: You have a small tail. [demonic ancestry]
   225 | D:1      | Reached XP level 2. HP: 20/20 MP: 3/5
   295 | D:1      | Reached skill level 1 in Fighting
   535 | D:1      | Reached skill level 3 in Earth Magic
   718 | D:1      | Learned a level 2 spell: Passwall
  1136 | D:2      | Reached XP level 3. HP: 12/26 MP: 1/6
  1157 | D:$      | Got out of the dungeon alive.

Illustrated notes

Levels and vault maps discovered:
D:1:      minmay_arrival_four_houses, layout_rooms
D:2:      layout_basic, item_on_display_a, uniq_natasha

Skill      XL: |  1  2 |
---------------+-------+-----
Fighting       | 1 |  1.2
Earth Magic    | 3 |  3.0
Armour         | |  0.3
Dodging        | |  1.7
Stealth        | |  1.7
Spellcasting   | |  2.4
Transmutations | |  0.8

Action                   || total
-------------------------++-------
Melee: Dagger            ||    18
       Tailslap          ||     2
       Punch             ||     2
       Unarmed           ||     1
 Cast: Sandblast         ||    35
Armor: Leather armour    ||     3
       Ring mail         ||    25
Dodge: Dodged            ||    35
